 Dungeon Crawl Stone Soup version 0.28.0-43-g3370ac3207 (webtiles) character file.

Game seed: 12759362659124764459

11265 Cykl0x the Destroyer (level 11, 0/66 HPs)
             Began as a Gargoyle Earth Elementalist on Mar 9, 2022.
             Was a Believer of Vehumet.
             Slain by a six-headed hydra (10 damage)
             ... on level 11 of the Dungeon.
             The game lasted 00:25:53 (14913 turns).

Cykl0x the Destroyer (Gargoyle Earth Elementalist) Turns: 14913, Time: 00:25:53

Health: 0/66       AC: 18    Str: 14    XL:     11   Next: 75%
Magic:  6/23       EV: 11    Int: 18    God:    Vehumet [**....]
Gold:   421        SH:  0    Dex: 10    Spells: 16/26 levels left

rFire   . . .      SeeInvis .   e - +2 dagger (venom)
rCold   . . .      Faith    .   (no shield)
rNeg    + . .      Spirit   .   d - +0 ring mail
rPois   ∞          Reflect  .   i - +0 helmet
rElec   +          Harm     .   (no cloak)
rCorr   .          Rampage  .   r - +2 pair of gloves
Will    .....                   (no boots)
Stlth   +.........              (no amulet)
HPRegen 0.21/turn               m - ring of wizardry
MPRegen 0.18/turn               (no ring)

@: about to teleport
A: sickness immunity, AC +8, negative energy resistance 1, electricity
resistance, torment resistance 1, petrification resistance
a: Renounce Religion


You were on level 11 of the Dungeon.
You worshipped Vehumet.
Vehumet was pleased with you.
You visited 2 branches of the dungeon, and saw 12 of its levels.
You also visited: Sewer.

You collected 421 gold pieces.

Inventory:

Hand Weapons
 e - a +2 dagger of venom (weapon)
 x - a +0 vorpal scimitar
 C - a +4 rapier of chaos
Missiles
 k - 2 throwing nets
 l - 127 stones
Armour
 a - a +0 leather armour
 b - a +0 robe
 d - a +0 ring mail (worn)
 i - a +0 helmet (worn)
 r - a +2 pair of gloves (worn)
Jewellery
 c - a ring of fire
 m - a ring of wizardry (left hand)
 q - a ring of resist corrosion
 D - a ring of ice
 F - a ring of fire
Wands
 s - a wand of paralysis (16)
 u - a wand of mindburst (6)
 w - a wand of digging (7)
 y - a wand of iceblast (8)
 A - a wand of flame (8)
Scrolls
 g - 3 scrolls of enchant weapon
 t - 3 scrolls of magic mapping
Potions
 h - 2 potions of invisibility
 j - a potion of lignification
 n - a potion of resistance
 o - a potion of mutation
 p - 2 potions of magic
 v - 3 potions of curing
 z - 2 potions of brilliance
 B - 2 potions of flight
 E - a potion of might {unknown}
 G - a potion of cancellation {unknown}


   Skills:
 * Level 6.9 Fighting
 + Level 0.7(2.2) Short Blades
 + Level 3.3 Long Blades
 + Level 5.3 Armour
 + Level 3.0 Dodging
 - Level 2.1 Stealth
 + Level 8.4 Spellcasting
 + Level 10.7 Conjurations
 - Level 0.7 Transmutations
 + Level 10.5 Earth Magic


You had 16 spell levels left.
You knew the following spells:

 Your Spells              Type           Power      Damage    Failure   Level
a - Sandblast             Erth           90%        2d19      1%          1
b - Stone Arrow           Conj/Erth      90%        3d12      1%          3
c - Iron Shot             Conj/Erth      22%        9d5       14%         6

Your spell library contained the following spells:

 Spells                   Type           Power      Damage    Failure   Level
 Scorch                   Fire           14%        2d6       11%         2
 Passwall                 Tmut/Erth      22%        N/A       1%          2
 Beastly Appendage        Tmut           20%        N/A       6%          1
 Petrify                  Tmut/Erth      27%        N/A       7%          4
 Wereblood                Tmut           10%        N/A       9%          2
 Spider Form              Tmut/Pois      8%         N/A       19%         3
 Borgnjor's Vile Clutch   Necr/Erth      13%        N/A       22%         5
 Summon Forest            Summ/Tloc      3%         N/A       86%         5
 Summon Mana Viper        Hex/Summ       7%         N/A       86%         5
 Summon Cactus Giant      Summ           3%         N/A       100%        6
 Shatter                  Erth           22%        3d20*     100%        9


Dungeon Overview and Level Annotations

Branches:
Dungeon (11/15)            Temple (1/1) D:5             Orc (0/2) D:9
  Sewer (visited)
   Lair: D:8-11

Altars:
Ashenzari
Cheibriados
Dithmenos
Elyvilon
Fedhas
Gozag
Hepliaklqana
Kikubaaqudgha
Makhleb
Okawaru
Qazlal
Ru
Sif Muna
Trog
Uskayaw
Vehumet
Wu Jian
Xom
Zin
The Shining One

Shops:
D:6 :   D:7 :   D:8 *   D:10 (

Annotations:
D:7 3 runed translucent doors, DasRunzen's ghost, novice DjFE; Descartes's ghost, novice FeDe; Tutankhamun's ghost, novice VSBe


Innate Abilities, Weirdness & Mutations

You are immune to sickness and miasma.
Your stone body is resilient. (AC +8)
You are immune to poison.
You resist negative energy. (rN+)
You are resistant to electric shocks. (rElec)
You are resistant to unholy torment.
You are immune to petrification.


Message History

The black bear barely misses you. x2; The black bear misses you.
You closely miss the black bear.
The black bear is moderately wounded.
The black bear bites you but does no damage.
The black bear claws you but does no damage. x2
You slash the black bear!
The black bear is severely wounded.
The black bear goes berserk!
You hit the black bear. You punch the black bear.
The black bear is almost dead.
The black bear bites you!
The black bear claws you but does no damage. x2
The black bear barely misses you.
The black bear claws you but does no damage.
The black bear claws you.
The six-headed hydra bites you but does no damage.
The six-headed hydra barely misses you.
The six-headed hydra bites you but does no damage. x2
The six-headed hydra bites you! x2
Your +2 dagger of venom begins to drip with poison!
e - a +2 dagger of venom (weapon)
The black bear bites you but does no damage.
The black bear claws you but does no damage.
The black bear misses you.
The black bear rages.
The six-headed hydra closely misses you.
The six-headed hydra bites you but does no damage. x2
The six-headed hydra bites you!
* * * LOW HITPOINT WARNING * * *
The six-headed hydra barely misses you.
The six-headed hydra bites you but does no damage.
The black bear bites you but does no damage.
The black bear claws you but does no damage.
The black bear barely misses you.
Okay, then.
As you read the scroll of teleportation, it crumbles to dust.
You feel strangely unstable.
The black bear rages.
The six-headed hydra bites you!
You die...

#........ #
#.#######
#.#.######
.<###.#÷#....###
.......÷........
.##.###.#.##.##)
#.#.# #<#.# #
#@#.#
###.###D#.#
#......h#.##.#
#.#.#.†......#
..........>.#.#
##....P.h...#
#.....♣......".
....P.......#.#
P...........#...


You could see a six-headed hydra, a black bear (berserk) and a wolf.

Vanquished Creatures
  A centaur warrior (D:10)
  5 two-headed ogres
  The ghost of MacCMillion the Magician, a novice GnVM of Vehumet (D:8)
  2 centaur zombies
  2 trolls (D:11)
  Prince Ribbit (D:5)
  3 yaks (D:10)
  3 wyverns (D:11)
  Sigmund (D:5)
  Menkaure (D:6)
  2 acid dragons
  8 water moccasins
  Pargi (Sewer)
  A sky beast (D:5)
  2 black bears
  An ogre (D:4)
  2 necrophages (D:7)
  5 orc warriors
  An ice beast (D:8)
  A wolf (D:11)
  7 centaurs
  2 kobold brigands
  A gnoll sergeant (D:8)
  3 scorpions
  2 bullfrogs
  3 vampire bats (D:3)
  5 wights (D:7)
  A howler monkey (D:9)
  A crimson imp (D:3)
  4 hounds (D:5)
  A centaur skeleton (D:7)
  A jelly (D:6)
  7 orc priests
  3 gnoll shamans
  2 iguanas (D:5)
  4 orc wizards
  A mummy (D:7)
  24 gnolls
  6 adders
  A shadow imp (D:7)
  An ufetubus (D:6)
  A worm (D:5)
  2 dart slugs
  20 orcs
  9 ball pythons
  4 bat skeletons (D:3)
  2 bat zombies (D:3)
  5 endoplasms
  6 giant cockroaches
  10 goblins
  7 hobgoblins
  2 jackals (D:3)
  A quokka (D:2)
  3 bats
  9 frilled lizards
  17 kobolds
  7 rats
229 creatures vanquished.

Vanquished Creatures (others)
  2 orc wizards
  A fungus (D:11)
  14 plants
  A withered plant (D:7)
18 creatures vanquished.

Grand Total: 247 creatures vanquished

Notes
Turn   | Place    | Note
-------+----------+-------------------------------------------
     0 | D:1      | Cykl0x the Gargoyle Earth Elementalist began the quest for
                  | the Orb.
     0 | D:1      | Reached XP level 1. HP: 10/10 MP: 3/3
   445 | D:1      | Reached XP level 2. HP: 15/15 MP: 3/5
   483 | D:1      | Reached skill level 1 in Conjurations
   824 | D:1      | You fall into a shaft and drop 1 floor!
   875 | D:2      | Reached XP level 3. HP: 18/19 MP: 2/6
   879 | D:2      | Learned a level 3 spell: Stone Arrow
  1429 | D:2      | Found a sacrificial altar of Ru.
  2277 | D:3      | Reached XP level 4. HP: 24/24 MP: 0/7
  2736 | D:3      | Found an ancient bone altar of Kikubaaqudgha.
  2740 | D:3      | Reached skill level 5 in Earth Magic
  2740 | D:3      | Reached XP level 5. HP: 27/28 MP: 5/9
  2899 | D:3      | Reached XP level 6. HP: 11/32 MP: 2/10
  3133 | D:3      | Found a faded altar of an unknown god.
  3291 | D:3      | Found a burning altar of Makhleb.
  3291 | D:3      | Found a shimmering altar of Xom.
  5038 | D:5      | Entered Level 5 of the Dungeon
  5046 | D:5      | Noticed Prince Ribbit
  5062 | D:5      | Killed Prince Ribbit
  5063 | D:5      | Reached skill level 5 in Conjurations
  5063 | D:5      | Reached XP level 7. HP: 33/37 MP: 1/13
  5078 | D:5      | Found a glowing drain.
  5089 | Sewer    | Entered a sewer
  5400 | Sewer    | Noticed Pargi
  5406 | Sewer    | Killed Pargi
  5654 | D:5      | Noticed Sigmund
  5787 | D:5      | Reached skill level 1 in Fighting
  5787 | D:5      | Reached XP level 8. HP: 43/43 MP: 10/14
  5810 | D:5      | Killed Sigmund
  6043 | D:5      | Reached skill level 5 in Spellcasting
  6900 | D:5      | Found a staircase to the Ecumenical Temple.
  7060 | Temple   | Entered the Ecumenical Temple
  7108 | Temple   | Became a worshipper of Vehumet
  7649 | D:6      | Reached skill level 1 in Armour
  7710 | D:6      | Found Ruiqamyo's Book Shop.
  7832 | D:6      | Reached XP level 9. HP: 47/47 MP: 10/17
  8141 | D:6      | Noticed Menkaure
  8145 | D:6      | Killed Menkaure
  8380 | D:6      | Found a blossoming altar of Fedhas.
  8598 | D:6      | Found a bloodstained altar of Trog.
  8609 | D:6      | Found a hide-covered altar of Uskayaw.
  9443 | D:7      | Found Hocsuidd's Book Boutique.
  9592 | D:7      | Found a large runed translucent door.
  9593 | D:7      | Found a large runed translucent door.
  9600 | D:7      | Reached skill level 1 in Long Blades
  9733 | D:7      | Found a shimmering altar of Xom.
 10051 | D:7      | Found a runed translucent gate.
 10053 | D:7      | Found a runed translucent gate.
 10053 | D:7      | Found a runed translucent gate.
 10055 | D:7      | Noticed Descartes's ghost (novice FeDe)
 10055 | D:7      | Noticed DasRunzen's ghost (novice DjFE)
 10055 | D:7      | Noticed Tutankhamun's ghost (novice VSBe)
 10082 | D:7      | Found an opulent altar of Gozag.
 10083 | D:7      | Found a glowing silver altar of Zin.
 10130 | D:7      | Reached * piety under Vehumet
 10130 | D:7      | Offered knowledge of Shock by Vehumet.
 10533 | D:8      | Reached XP level 10. HP: 35/56 MP: 1/20
 10694 | D:8      | Found a sacrificial altar of Ru.
 10837 | D:8      | Noticed MacCMillion's ghost (novice GnVM)
 10844 | D:8      | Found a runed translucent door.
 10892 | D:8      | Found an ornate altar of the Wu Jian Council.
 10892 | D:8      | Found a hazy altar of Hepliaklqana.
 10893 | D:8      | Found a glowing golden altar of the Shining One.
 10903 | D:8      | Found a white marble altar of Elyvilon.
 10955 | D:8      | Found Lipry's Overcharged Wands.
 10955 | D:8      | Noticed a two-headed ogre
 10959 | D:8      | Killed a two-headed ogre
 11203 | D:8      | Identified the +4 war axe of Foolhardiness {chaos, rElec
                  | rN+ Will++ Int-4}
 11764 | D:8      | Killed MacCMillion's ghost
 11765 | D:8      | Reached skill level 5 in Fighting
 11925 | D:8      | Got the Catalogue of Earth
 11933 | D:8      | Learned a level 6 spell: Iron Shot
 11964 | D:9      | Noticed a two-headed ogre
 11968 | D:9      | Killed a two-headed ogre
 12062 | D:9      | Noticed a two-headed ogre
 12067 | D:9      | Killed a two-headed ogre
 12300 | D:9      | Found a staircase to the Orcish Mines.
 12807 | D:9      | Noticed a two-headed ogre
 12813 | D:9      | Killed a two-headed ogre
 12814 | D:9      | Reached skill level 10 in Conjurations
 12814 | D:9      | Reached XP level 11. HP: 64/64 MP: 4/22
 12899 | D:9      | Reached ** piety under Vehumet
 12899 | D:9      | Offered knowledge of Scorch by Vehumet.
 13017 | D:9      | Noticed a two-headed ogre
 13022 | D:9      | Killed a two-headed ogre
 13023 | D:9      | Reached skill level 5 in Armour
 13361 | D:10     | Entered Level 10 of the Dungeon
 13544 | D:10     | Noticed a centaur warrior
 13547 | D:10     | Killed a centaur warrior
 13548 | D:10     | Reached skill level 10 in Earth Magic
 14092 | D:10     | Found Derueblo's Weapon Shop.
 14903 | D:11     | Noticed a six-headed hydra
 14913 | D:11     | Slain by a six-headed hydra

Illustrated notes

Levels and vault maps discovered:
D:1:      matt_arrival_grand_opening, layout_loops_cross
D:2:      layout_basic, basic_altar
D:3:      layout_rooms, grunt_temple_overflow_champion_of_chaos,
          kennysheep_vampire_church, dreamdust_ecumenical_altar_grove
D:4:      layout_layer_cave, corexii_item_surrounded_by_moat
D:5:      layout_loops_corners, minmay_temple_entry_poolview,
          cheibrodos_sewer_entry_drain, uniq_sigmund, uniq_prince_ribbit1
D:6:      layout_gridville, minmay_overflow_temple_star_quad, serial_shops,
          shop, nicolae_figureground_pulse, uniq_menkaure
D:7:      due_chaos_kobolds, layout_loops_ring,
          grunt_temple_overflow_gold_and_silver, serial_shops, shop,
          gammafunk_ghost_cemetery, serial_undead, serial_undead_f,
          serial_undead_a, serial_undead_b, serial_undead_f, serial_undead_b,
          serial_undead_b
D:8:      layout_basic, mainiacjoe_overflow_six_doors_small,
          nicolae_overflow_quartered_altars, hellmonk_ghost_big_iron,
          nicolae_shop_overcharged_wands
D:9:      layout_irregular_city, orc_0_dummy
D:10:     layout_cave_pods, serial_shops, nicolae_shop_stone
D:11:     layout_basic, minmay_lair_entry_grove, minivault_12
Temple:   compressed_dpeg_triangle_lava_temple

Skill      XL: |  1  2  3  4  5  6  7  8  9 10 11 |
---------------+----------------------------------+-----
Conjurations   | 1 2 3 5 7 8 10 | 10.7
Earth Magic    | 4 5 6 8 9 10 | 10.5
Spellcasting   | 3 4 5 6 7 8 |  8.4
Fighting       | 1 4 5 6 |  6.9
Dodging        | 2 3 |  3.0
Armour         | 1 3 4 5 |  5.3
Long Blades    | 1 2 3 |  3.3
Short Blades   | |  0.7
Stealth        | |  2.1
Transmutations | |  0.7

Action                   |  1- 3 |  4- 6 |  7- 9 | 10-12 || total
-------------------------+-------+-------+-------+-------++-------
Melee: Unarmed           |     3 |       |       |       ||     3
       Dagger            |     8 |    27 |    23 |       ||    58
       Falchion          |       |       |     4 |       ||     4
       Scimitar          |       |       |    35 |    61 ||    96
       Punch             |       |       |     2 |     2 ||     4
 Cast: Sandblast         |    37 |     9 |     8 |     2 ||    56
       Stone Arrow       |    16 |    40 |   143 |   106 ||   305
       Iron Shot         |       |       |       |     9 ||     9
  Use: Scroll            |     4 |     3 |     8 |     7 ||    22
       Potion            |       |       |     3 |     1 ||     4
 Stab: Sleeping          |     1 |       |       |       ||     1
Armor: Robe              |    14 |    14 |     9 |       ||    37
       Ring mail         |       |       |    53 |   112 ||   165
Dodge: Dodged            |    21 |    29 |    78 |   104 ||   232
